[Event "10th Iberoamericano-ch 2024"]
[Site "Linares"]
[Date "2024.09.27"]
[Round "5.19"]
[White "Fernandez Sanchez, Fernando Miguel"]
[Black "Romero Calduch, Sergio"]
[Result "0-1"]
[ECO "A13"]
[WhiteElo "2399"]
[BlackElo "2276"]
[Annotator "ChessBase"]
[PlyCount "78"]
[EventDate "2024.09.25"]
[EventType "swiss"]
[EventCountry "ESP"]
[SourceTitle "playchess.com"]
[Source "ChessBase"]
[SourceQuality "1"]
[TimeControl "5400+30"]

1. c4 Nf6 2. g3 e6 3. Bg2 d5 4. Nf3 dxc4 5. Qa4+ Bd7 6. Qxc4 c5 7. Ne5 Qc8 8. O-O Nc6 9. Nxd7 Qxd7 10. Nc3 Rc8 11. Qa4 b6 12. d3 Be7 13. Bd2 O-O 14. Rfc1 Rfd8 15. Rab1 h6 16. Kf1 Ne8 17. a3 Na5 18. Be1 Qxa4 19. Nxa4 Nb3 20. Rc3 Nd4 21. e3 Nb5 22. Rb3 Nbd6 23. Rc1 Bf6 24. Ke2 c4 25. dxc4 Nxc4 26. Nc3 Ned6 27. Rd1 Na5 28. Rb4 Ndc4 29. Rxd8+ Rxd8 30. Be4 Be7 31. Ra4 Nxb2 32. Rd4 Rxd4 33. exd4 a6 34. Nb1 Nac4 35. Bc3 Na4 36. Bb4 Bxb4 37. axb4 Nd6 38. Bc6 b5 39. Nd2 Nc3+ 0-1

[Event "10th Iberoamericano-ch 2024"]
[Site "Linares"]
[Date "2024.09.27"]
[Round "5.20"]
[White "Labiano Hernandez, Juan"]
[Black "Noboa Silva, Kevin"]
[Result "1/2-1/2"]
[ECO "C10"]
[WhiteElo "2398"]
[BlackElo "2270"]
[Annotator "ChessBase"]
[PlyCount "110"]
[EventDate "2024.09.25"]
[EventType "swiss"]
[EventCountry "ESP"]
[SourceTitle "playchess.com"]
[Source "ChessBase"]
[SourceQuality "1"]
[TimeControl "5400+30"]

1. e4 e6 2. d4 d5 3. Nc3 dxe4 4. Nxe4 Nd7 5. Bd3 Ngf6 6. Qe2 c5 7. Nxf6+ Nxf6 8. dxc5 Bxc5 9. Nf3 O-O 10. Bg5 Qa5+ 11. c3 Be7 12. O-O Rd8 13. Ne5 Qc7 14. Rad1 h6 15. Bf4 Bd6 16. Bg3 b6 17. Bc4 Nd5 18. Bxd5 exd5 19. Rfe1 Be6 20. Nf3 Bxg3 21. hxg3 d4 22. Rxd4 Bxa2 23. Qe7 Qxe7 24. Rxe7 Bd5 25. Ne5 a5 26. Rd7 Rxd7 27. Nxd7 Be6 28. Nxb6 Rb8 29. Rd6 Rb7 30. Kf1 Kf8 31. Ke2 Ke7 32. Rc6 Bd7 33. Nd5+ Kd8 34. Rb6 Bb5+ 35. Ke3 Rxb6 36. Nxb6 Bf1 37. f3 Kc7 38. Nd5+ Kd6 39. Nf4 g5 40. Ne2 Bxg2 41. g4 f5 42. gxf5 Ke5 43. Ng3 Bh3 44. f6 Kxf6 45. f4 Be6 46. Ne4+ Kf5 47. fxg5 hxg5 48. Nc5 Bd5 49. b4 axb4 50. cxb4 g4 51. Kf2 Kf4 52. Nd3+ Ke4 53. Kg3 Kxd3 54. Kxg4 Kc4 55. b5 Kxb5 1/2-1/2

[Event "10th Iberoamericano-ch 2024"]
[Site "Linares"]
[Date "2024.09.27"]
[Round "5.21"]
[White "Rodriguez Lopez, Rafael"]
[Black "Vega Gutierrez, Sabrina"]
[Result "1/2-1/2"]
[ECO "B36"]
[WhiteElo "2162"]
[BlackElo "2374"]
[Annotator "ChessBase"]
[PlyCount "77"]
[EventDate "2024.09.25"]
[EventType "swiss"]
[EventCountry "ESP"]
[SourceTitle "playchess.com"]
[Source "ChessBase"]
[SourceQuality "1"]
[TimeControl "5400+30"]

1. Nf3 c5 2. c4 g6 3. e4 Nc6 4. d4 cxd4 5. Nxd4 Nf6 6. Nc3 d6 7. Nc2 Bg7 8. Be2 O-O 9. O-O a6 10. f3 Rb8 11. Kh1 Nd7 12. Bd2 Nc5 13. b4 Ne6 14. Rb1 Ncd4 15. Nxd4 Nxd4 16. Bd3 Be6 17. Nd5 b5 18. Bg5 Re8 19. f4 Bxd5 20. cxd5 Rc8 21. Qd2 h6 22. Bh4 Qd7 23. Bf2 e6 24. dxe6 Qxe6 25. Rbc1 Rxc1 26. Rxc1 Rc8 27. Rxc8+ Qxc8 28. h3 Qc6 29. f5 gxf5 30. exf5 Qd5 31. f6 Bxf6 32. Qxh6 Nf5 33. Qxf6 Qxd3 34. Qg5+ Kh7 35. Kh2 Qe4 36. Qh5+ Kg7 37. Qg5+ Kh7 38. Qh5+ Kg7 39. Qg5+ 1/2-1/2

[Event "10th Iberoamericano-ch 2024"]
[Site "Linares"]
[Date "2024.09.27"]
[Round "5.22"]
[White "Panelo, Marcelo"]
[Black "Masague Artero, Guerau"]
[Result "1/2-1/2"]
[ECO "A07"]
[WhiteElo "2364"]
[BlackElo "2251"]
[Annotator "ChessBase"]
[PlyCount "122"]
[EventDate "2024.09.25"]
[EventType "swiss"]
[EventCountry "ESP"]
[SourceTitle "playchess.com"]
[Source "ChessBase"]
[SourceQuality "1"]
[TimeControl "5400+30"]

1. Nf3 d5 2. g3 b6 3. Bg2 Bb7 4. O-O Nf6 5. d3 e6 6. a4 c5 7. e4 Nc6 8. Nbd2 Be7 9. Re1 h6 10. c3 O-O 11. e5 Nh7 12. h4 Qd7 13. Nf1 Rfc8 14. g4 Qd8 15. g5 hxg5 16. Nxg5 Nxg5 17. hxg5 Bxg5 18. Qg4 Bxc1 19. Raxc1 Ne7 20. Re3 Ng6 21. Rh3 Nxe5 22. Qh5 Ng6 23. Re1 Kf8 24. Rf3 d4 25. Rxf7+ Kxf7 26. Bxb7 Qf6 27. Bxa8 Rxa8 28. Qh1 Rf8 29. cxd4 Kg8 30. Qh2 Nh4 31. Nd2 Qg5+ 32. Kf1 Qxd2 33. Qxh4 Qxd3+ 34. Re2 cxd4 35. Qe4 Qh3+ 36. Ke1 Re8 37. Qxd4 Qh1+ 38. Kd2 Rc8 39. Re1 Qc6 40. Qe4 Rd8+ 41. Ke3 Rd5 42. Kf3 Kf7 43. Kg2 Qd7 44. Kf1 Rf5 45. Re3 Rf6 46. Rd3 Qc7 47. Rc3 Qd7 48. Rd3 Qc7 49. Rc3 Qh2 50. Qd4 Qh1+ 51. Ke2 Qh5+ 52. Kf1 Kg8 53. Qe4 Qd1+ 54. Kg2 Qd7 55. Rd3 Qe7 56. Rc3 Rf5 57. Rg3 Qd7 58. Rd3 Qe8 59. Re3 Rf6 60. Rg3 a5 61. Qb7 Rf7 1/2-1/2

[Event "10th Iberoamericano-ch 2024"]
[Site "Linares"]
[Date "2024.09.27"]
[Round "5.23"]
[White "Sos Andreu, Eric"]
[Black "Goncalves, Samuel Jesus P"]
[Result "1/2-1/2"]
[ECO "E60"]
[WhiteElo "2359"]
[BlackElo "2169"]
[Annotator "ChessBase"]
[PlyCount "119"]
[EventDate "2024.09.25"]
[EventType "swiss"]
[EventCountry "ESP"]
[SourceTitle "playchess.com"]
[Source "ChessBase"]
[SourceQuality "1"]
[TimeControl "5400+30"]

1. d4 Nf6 2. c4 g6 3. g3 Bg7 4. Bg2 O-O 5. Nc3 Nc6 6. e3 e5 7. Nge2 d6 8. O-O Bg4 9. d5 Nb8 10. e4 a5 11. Be3 Na6 12. f3 Bd7 13. a3 Nh5 14. Rb1 f5 15. b4 f4 16. Bf2 g5 17. g4 Nf6 18. c5 axb4 19. axb4 h5 20. h3 hxg4 21. hxg4 Nxg4 22. fxg4 Bxg4 23. Bh1 Bh3 24. Nc1 g4 25. Be1 Bxf1 26. Qxg4 Bc4 27. c6 bxc6 28. dxc6 Qc8 29. Bf3 Qxg4+ 30. Bxg4 f3 31. Kf2 Bf6 32. Kg3 Rab8 33. b5 Nc5 34. Bf5 Be6 35. Kxf3 Bxf5 36. exf5 e4+ 37. Ke3 Bg5+ 38. Ke2 Rxf5 39. Nb3 Ne6 40. Bg3 Rf3 41. Be1 Re3+ 42. Kd1 Bf6 43. Kc2 Bxc3 44. Bxc3 Rxb5 45. Rg1+ Rg5 46. Rxg5+ Nxg5 47. Bd2 Re2 48. Kc3 Ne6 49. Kc4 Kf7 50. Ba5 Rc2+ 51. Bc3 Nc5 52. Nd4 Na4 53. Nxc2 d5+ 54. Kd4 Nxc3 55. Kxc3 Ke6 56. Kb4 d4 57. Nxd4+ Kd5 58. Kc3 Kc5 59. Ne6+ Kxc6 60. Nxc7 1/2-1/2

[Event "10th Iberoamericano-ch 2024"]
[Site "Linares"]
[Date "2024.09.27"]
[Round "5.24"]
[White "Prado Lobo, Jonas"]
[Black "Rocha, Maximiliano"]
[Result "1-0"]
[ECO "D11"]
[WhiteElo "2385"]
[BlackElo "2156"]
[Annotator "ChessBase"]
[PlyCount "47"]
[EventDate "2024.09.25"]
[EventType "swiss"]
[EventCountry "ESP"]
[SourceTitle "playchess.com"]
[Source "ChessBase"]
[SourceQuality "1"]
[TimeControl "5400+30"]

1. d4 d5 2. c4 c6 3. Nf3 e6 4. Qc2 Bd6 5. Nc3 Nf6 6. Bg5 Nbd7 7. e3 O-O 8. Bd3 h6 9. Bh4 dxc4 10. Bxc4 b5 11. Bb3 a5 12. a3 Ba6 13. Ne4 Be7 14. O-O g5 15. Nxf6+ Nxf6 16. Bg3 a4 17. Bxe6 fxe6 18. Qg6+ Kh8 19. Qxh6+ Nh7 20. Be5+ Bf6 21. Nxg5 Ra7 22. Nxe6 Bxe5 23. Nxd8 Bg7 24. Qd6 1-0

[Event "10th Iberoamericano-ch 2024"]
[Site "Linares"]
[Date "2024.09.27"]
[Round "5.25"]
[White "Diaz Mino, Daniel"]
[Black "Garcia, Jhoel"]
[Result "1/2-1/2"]
[ECO "B41"]
[WhiteElo "2130"]
[BlackElo "2360"]
[Annotator "ChessBase"]
[PlyCount "107"]
[EventDate "2024.09.25"]
[EventType "swiss"]
[EventCountry "ESP"]
[SourceTitle "playchess.com"]
[Source "ChessBase"]
[SourceQuality "1"]
[TimeControl "5400+30"]

1. e4 c5 2. Nf3 e6 3. d4 cxd4 4. Nxd4 a6 5. c4 Nf6 6. Nc3 d6 7. Be3 b6 8. f3 Bb7 9. Be2 Nbd7 10. O-O Be7 11. Rc1 O-O 12. Qd2 Rc8 13. Rfd1 Qc7 14. b3 Qb8 15. Qe1 Rfe8 16. Qf2 Bd8 17. Qg3 Kh8 18. Qh3 Ne5 19. Bg5 Ng6 20. a4 d5 21. exd5 Nxd5 22. Bxd8 Nxc3 23. Rxc3 Nf4 24. Qg3 Rexd8 25. Qf2 Qe5 26. Bf1 Qc5 27. Rcc1 a5 28. g3 Ng6 29. Bg2 Ne5 30. Kf1 Rd7 31. Rd2 Rcd8 32. Rcd1 Nc6 33. f4 Rd6 34. Nf3 Rxd2 35. Rxd2 Rxd2 36. Qxd2 Qe7 37. Ne5 Nxe5 38. fxe5 h6 39. Qd6 Bxg2+ 40. Kxg2 Qb7+ 41. Kf2 Kh7 42. Qd3+ g6 43. Kg1 Qc6 44. Qe2 Kg7 45. h4 Qc5+ 46. Kh2 Qd4 47. Kh3 Qc3 48. Qf2 Qb4 49. Qf6+ Kg8 50. h5 Qe1 51. Qd8+ Kg7 52. Qf6+ Kg8 53. Qd8+ Kg7 54. Qf6+ 1/2-1/2

[Event "10th Iberoamericano-ch 2024"]
[Site "Linares"]
[Date "2024.09.27"]
[Round "5.26"]
[White "Donate Moreno, Silvia"]
[Black "Marin Ferragut, Pau"]
[Result "0-1"]
[ECO "B90"]
[WhiteElo "2126"]
[BlackElo "2348"]
[Annotator "ChessBase"]
[PlyCount "66"]
[EventDate "2024.09.25"]
[EventType "swiss"]
[EventCountry "ESP"]
[SourceTitle "playchess.com"]
[Source "ChessBase"]
[SourceQuality "1"]
[TimeControl "5400+30"]

1. e4 c5 2. Nf3 d6 3. d4 cxd4 4. Nxd4 Nf6 5. Nc3 a6 6. Be3 e6 7. f3 b5 8. Qd2 Nbd7 9. a4 b4 10. Na2 d5 11. exd5 Nxd5 12. Bf2 Bb7 13. Nc1 Be7 14. Nd3 Rc8 15. g3 Bd6 16. Qe2 Qf6 17. Bg2 O-O 18. O-O Nc5 19. Rfd1 Rfd8 20. a5 h6 21. Bh1 Nxd3 22. cxd3 Be5 23. Nb3 Bxb2 24. Rab1 Ba3 25. Bd4 Nc3 26. Bxf6 Nxe2+ 27. Kf1 Nxg3+ 28. hxg3 gxf6 29. Ke2 Rc3 30. d4 Bc6 31. Nc5 Bb5+ 32. Kf2 Rc2+ 33. Ke3 Bb2 0-1

[Event "10th Iberoamericano-ch 2024"]
[Site "Linares"]
[Date "2024.09.27"]
[Round "5.27"]
[White "Vitier Vazquez, Cristian"]
[Black "Gomez Carreno, Martin"]
[Result "1-0"]
[ECO "D42"]
[WhiteElo "2344"]
[BlackElo "2124"]
[Annotator "RC"]
[PlyCount "147"]
[EventDate "2024.09.25"]
[EventType "swiss"]
[EventCountry "ESP"]
[SourceTitle "playchess.com"]
[Source "ChessBase"]
[SourceQuality "1"]
[TimeControl "5400+30"]

1. Nf3 Nf6 2. c4 e6 3. Nc3 d5 4. e3 c5 5. cxd5 Nxd5 6. d4 Nc6 7. Bd3 cxd4 8. exd4 Bb4 9. Bd2 Nf6 10. O-O O-O 11. a3 Be7 12. Be3 b6 13. Rc1 Bb7 14. Bb1 Rc8 15. Qd3 Nb8 16. Bg5 Nbd7 17. Rfe1 Re8 18. Rcd1 Nf8 19. Ne5 Nd5 20. Bd2 Nxc3 21. bxc3 Bxa3 22. Qh3 Bd6 23. Re3 Ng6 24. f4 f5 25. Ba2 Bxe5 26. dxe5 Bd5 27. Rd3 Bxa2 28. Rxd8 Rexd8 29. Qe3 Bc4 30. Ra1 Rd3 31. Qe1 Bb3 32. Qb1 Rxd2 33. Qxb3 Nxf4 34. Rf1 Ne2+ 35. Kh1 Rd5 36. Qa2 Rxe5 37. Qxa7 Re4 38. Qd7 Rf8 39. Ra1 Nf4 40. h3 h6 41. Ra7 Nh5 42. Kh2 f4 43. Qd3 Re3 44. Qg6 Re5 45. Re7 f3 46. gxf3 Re2+ 47. Kg1 Re1+ 48. Kf2 Re2+ 49. Kf1 Re5 50. Re8 Nf4 51. Rxf8+ Kxf8 52. Qb1 Nd5 53. Kf2 Kf7 54. c4 Nf4 55. Qxb6 Nd3+ 56. Kg3 Rg5+ 57. Kh2 Nc5 58. h4 Rf5 59. Kg3 h5 60. Qc7+ Kf8 61. Kf2 Kg8 62. Ke3 Kf8 63. Kd4 Nb3+ 64. Kc3 Nc5 65. Qd6+ Kf7 66. Kb4 Ke8 67. f4 Kf7 68. Qxc5 Rxc5 69. Kxc5 e5 70. fxe5 g5 71. Kd6 g4 72. e6+ Ke8 73. c5 g3 74. c6 1-0

[Event "10th Iberoamericano-ch 2024"]
[Site "Linares"]
[Date "2024.09.27"]
[Round "5.28"]
[White "Maldonado Mena, German"]
[Black "Iglesias Ferreira, Andres"]
[Result "0-1"]
[ECO "D35"]
[WhiteElo "2123"]
[BlackElo "2285"]
[Annotator "ChessBase"]
[PlyCount "74"]
[EventDate "2024.09.25"]
[EventType "swiss"]
[EventCountry "ESP"]
[SourceTitle "playchess.com"]
[Source "ChessBase"]
[SourceQuality "1"]
[TimeControl "5400+30"]

1. d4 d5 2. c4 e6 3. Nc3 Nf6 4. cxd5 exd5 5. Bg5 Bb4 6. e3 h6 7. Bf4 Ne4 8. Qb3 Bxc3+ 9. bxc3 g5 10. Bb5+ Nc6 11. Be5 f6 12. Bg3 h5 13. f3 Nxg3 14. hxg3 Qd6 15. Ne2 Bd7 16. Rb1 Na5 17. Qa4 Nc4 18. e4 a6 19. Bxd7+ Qxd7 20. Qxd7+ Kxd7 21. exd5 b5 22. a4 bxa4 23. Nc1 Rab8 24. Rxb8 Rxb8 25. Ke2 a3 26. Na2 Kd6 27. Kd3 Nb2+ 28. Kc2 a5 29. c4 Nxc4 30. Nc3 Ne3+ 31. Kd3 Nxd5 32. Ne4+ Ke7 33. Ra1 a2 34. Kc4 Ne3+ 35. Kc3 Nd1+ 36. Kd3 Rb3+ 37. Kc4 Ra3 0-1

[Event "10th Iberoamericano-ch 2024"]
[Site "Linares"]
[Date "2024.09.27"]
[Round "5.29"]
[White "Giron, Jorge Ernesto"]
[Black "Pastor Carvajal, Jeigoth"]
[Result "1/2-1/2"]
[ECO "E05"]
[WhiteElo "2276"]
[BlackElo "2120"]
[Annotator "ChessBase"]
[PlyCount "115"]
[EventDate "2024.09.25"]
[EventType "swiss"]
[EventCountry "ESP"]
[SourceTitle "playchess.com"]
[Source "ChessBase"]
[SourceQuality "1"]
[TimeControl "5400+30"]

1. d4 d5 2. c4 e6 3. Nf3 Nf6 4. g3 Be7 5. Bg2 O-O 6. O-O dxc4 7. Qc2 a6 8. a4 Nc6 9. Qxc4 Na5 10. Qc2 b6 11. Bg5 Bb7 12. Nc3 Nd5 13. Nxd5 Bxd5 14. Bxe7 Qxe7 15. e4 Bb3 16. Qc3 c5 17. Rfc1 Rac8 18. Nd2 c4 19. d5 exd5 20. exd5 Rfe8 21. Qd4 Qb4 22. Qf4 Bxa4 23. d6 Bd7 24. Bd5 Be6 25. d7 Bxd5 26. dxc8=Q Rxc8 27. b3 Nxb3 28. Nxb3 Qxb3 29. Rab1 Qf3 30. Qxf3 Bxf3 31. Rxb6 h5 32. Rxa6 g6 33. Rc3 Bd5 34. f3 Rb8 35. Ra2 Kg7 36. Rd2 Be6 37. Kg2 Kf6 38. h3 Rb1 39. g4 hxg4 40. hxg4 Ke5 41. Re3+ Kf6 42. Rd6 Rb5 43. Rc6 Rb1 44. Kg3 Rd1 45. Re4 Kg7 46. Kf4 Rd3 47. Rexe6 fxe6 48. Rxc4 Rd7 49. Ke5 Kf7 50. Rc5 g5 51. Ke4 Kf6 52. Rc8 Ra7 53. Rf8+ Kg7 54. Rd8 Kf6 55. Rd4 Ra1 56. Rd3 Ra4+ 57. Ke3 Ke5 58. Rb3 1/2-1/2

[Event "10th Iberoamericano-ch 2024"]
[Site "Linares"]
[Date "2024.09.27"]
[Round "5.30"]
[White "Mingarro Carceller, Sergi"]
[Black "Ontanon Gomez, Pablo"]
[Result "1/2-1/2"]
[ECO "B27"]
[WhiteElo "2273"]
[BlackElo "2118"]
[Annotator "ChessBase"]
[PlyCount "66"]
[EventDate "2024.09.25"]
[EventType "swiss"]
[EventCountry "ESP"]
[SourceTitle "playchess.com"]
[Source "ChessBase"]
[SourceQuality "1"]
[TimeControl "5400+30"]

1. e4 c5 2. Nf3 g6 3. d4 cxd4 4. Qxd4 Nf6 5. Nc3 Nc6 6. Qa4 d6 7. e5 dxe5 8. Nxe5 Bd7 9. Nxd7 Qxd7 10. Be3 Bg7 11. Rd1 Qc8 12. Be2 O-O 13. O-O a6 14. Qb3 b5 15. a4 b4 16. Nd5 Nxd5 17. Rxd5 Qe6 18. Rfd1 Qf6 19. Qc4 h6 20. Rc5 Nd8 21. Bf3 Ne6 22. Bxa8 Nxc5 23. Bd5 Nxa4 24. Qxb4 Nxb2 25. Bd4 Qd6 26. Qxd6 exd6 27. Bxb2 Bxb2 28. Bc4 Rc8 29. Bxa6 Rxc2 30. Rxd6 Rc1+ 31. Bf1 Be5 32. Rd8+ Kg7 33. g3 Rc2 1/2-1/2

[Event "10th Iberoamericano-ch 2024"]
[Site "Linares"]
[Date "2024.09.27"]
[Round "5.31"]
[White "Atienza Alvarez, Javier"]
[Black "Moral Garcia, Serafin"]
[Result "0-1"]
[ECO "E04"]
[WhiteElo "2119"]
[BlackElo "2262"]
[Annotator "ChessBase"]
[PlyCount "86"]
[EventDate "2024.09.25"]
[EventType "swiss"]
[EventCountry "ESP"]
[SourceTitle "playchess.com"]
[Source "ChessBase"]
[SourceQuality "1"]
[TimeControl "5400+30"]

1. d4 Nf6 2. c4 e6 3. g3 d5 4. Bg2 dxc4 5. Nf3 a6 6. O-O Nc6 7. e3 Rb8 8. Nfd2 e5 9. Bxc6+ bxc6 10. dxe5 Ng4 11. Nxc4 Be6 12. Nbd2 Bb4 13. b3 h5 14. f3 Nxe3 15. Nxe3 Qd4 16. Qc2 Qxe3+ 17. Kg2 Qe2+ 18. Rf2 Bh3+ 19. Kg1 Qxe5 20. Bb2 Qg5 21. Re2+ Kf8 22. Ne4 Qg6 23. a3 Be7 24. b4 Rd8 25. Qc4 Qe6 26. Qc2 Qf5 27. Qc3 Qg6 28. Rae1 Bf5 29. Nf2 Bd6 30. Qxc6 Kg8 31. Ne4 h4 32. Nxd6 Rxd6 33. Re8+ Kh7 34. Rxh8+ Kxh8 35. Qa8+ Kh7 36. Re8 Rd1+ 37. Kf2 Qg5 38. Rh8+ Kg6 39. Qc6+ Rd6 40. f4 Rxc6 41. fxg5 Rc2+ 42. Kf3 Rxb2 43. gxh4 Rxh2 0-1

[Event "10th Iberoamericano-ch 2024"]
[Site "Linares"]
[Date "2024.09.27"]
[Round "5.32"]
[White "Cabezas Solano, David Alejandro"]
[Black "Jimenez Fernandez, Rebeca"]
[Result "0-1"]
[ECO "E06"]
[WhiteElo "2248"]
[BlackElo "2097"]
[Annotator "ChessBase"]
[PlyCount "104"]
[EventDate "2024.09.25"]
[EventType "swiss"]
[EventCountry "ESP"]
[SourceTitle "playchess.com"]
[Source "ChessBase"]
[SourceQuality "1"]
[TimeControl "5400+30"]

1. d4 Nf6 2. c4 e6 3. Nf3 d5 4. g3 Be7 5. Bg2 O-O 6. Nc3 dxc4 7. Ne5 c5 8. dxc5 Qc7 9. Nxc4 Qxc5 10. b3 Rd8 11. Qc2 Nc6 12. O-O Bd7 13. Rd1 Nb4 14. Qb2 Bc6 15. a3 Ng4 16. Rf1 Bxg2 17. Kxg2 Nd5 18. Bd2 Bf6 19. Rac1 b5 20. Na5 Rac8 21. b4 Qd4 22. e3 Ndxe3+ 23. Bxe3 Nxe3+ 24. fxe3 Qxe3 25. Qf2 Rxc3 26. Qxe3 Rxe3 27. Rc7 h5 28. Rxa7 Rxa3 29. Rb7 Rd2+ 30. Rf2 Rd5 31. Nc6 Rad3 32. Ne7+ Bxe7 33. Rxe7 Rd2 34. Rexf7 Rxf2+ 35. Rxf2 Rd4 36. Re2 Kf7 37. Re5 Rxb4 38. Rxh5 Rb1 39. Kf3 b4 40. Rb5 b3 41. h4 Kf6 42. Kg4 b2 43. Rb6 Ke5 44. Rb4 Kd5 45. Kg5 e5 46. Kg6 e4 47. Kxg7 e3 48. h5 e2 49. h6 e1=Q 50. Rb5+ Kc6 51. Rg5 Qe7+ 52. Kg6 Rh1 0-1

[Event "10th Iberoamericano-ch 2024"]
[Site "Linares"]
[Date "2024.09.27"]
[Round "5.33"]
[White "Suarez Gomez, Paula"]
[Black "Bendayan Claros, Aaron"]
[Result "1/2-1/2"]
[ECO "B13"]
[WhiteElo "2111"]
[BlackElo "2200"]
[Annotator "ChessBase"]
[PlyCount "71"]
[EventDate "2024.09.25"]
[EventType "swiss"]
[EventCountry "ESP"]
[SourceTitle "playchess.com"]
[Source "ChessBase"]
[SourceQuality "1"]
[TimeControl "5400+30"]

1. e4 c6 2. d4 d5 3. exd5 cxd5 4. Bd3 Nc6 5. c3 Nf6 6. Bf4 Bg4 7. Qb3 e5 8. dxe5 Nh5 9. Be3 Nxe5 10. Bb5+ Nc6 11. h3 Be6 12. Qa4 Qc7 13. Ne2 Bd6 14. Nd2 a6 15. Bd3 O-O 16. Qh4 g6 17. Nf3 Ne5 18. Nxe5 Bxe5 19. O-O Rfe8 20. f4 Bg7 21. Qf2 f5 22. Nd4 Nf6 23. Nxe6 Rxe6 24. Rad1 Rae8 25. Rfe1 Ne4 26. Bxe4 dxe4 27. Qd2 Bf6 28. Qd5 Qf7 29. Qa5 Qe7 30. Rd2 Rd8 31. Red1 Rd3 32. Qc5 Red6 33. Rxd3 exd3 34. Rxd3 Rxd3 35. Qc4+ Qf7 36. Qxd3 1/2-1/2

[Event "10th Iberoamericano-ch 2024"]
[Site "Linares"]
[Date "2024.09.27"]
[Round "5.34"]
[White "Sicilia Laino, Juan Diego"]
[Black "Prado Acebo, Ines"]
[Result "0-1"]
[ECO "B93"]
[WhiteElo "2090"]
[BlackElo "2189"]
[Annotator "ChessBase"]
[PlyCount "94"]
[EventDate "2024.09.25"]
[EventType "swiss"]
[EventCountry "ESP"]
[SourceTitle "playchess.com"]
[Source "ChessBase"]
[SourceQuality "1"]
[TimeControl "5400+30"]

1. e4 c5 2. Nf3 d6 3. d4 cxd4 4. Nxd4 Nf6 5. Nc3 a6 6. f4 e5 7. Nf5 Nc6 8. Bc4 Bxf5 9. exf5 Qa5 10. Bb3 Be7 11. O-O O-O 12. Be3 exf4 13. Rxf4 Qe5 14. Qf3 Rfe8 15. g4 d5 16. g5 Bb4 17. Bf2 Bxc3 18. bxc3 Ne4 19. g6 Nxc3 20. gxf7+ Kxf7 21. Re1 Qd6 22. Re6 Rxe6 23. fxe6+ Kg8 24. Rg4 Qxe6 25. Qh3 Qe5 26. Qd3 Rf8 27. a4 Kh8 28. Rh4 h6 29. Qg6 Rf6 30. Qg4 Rf5 31. Bg3 Ne2+ 32. Kg2 Nxg3 33. hxg3 Rf8 34. Rh5 Qf6 35. Rh1 Qf2+ 36. Kh3 Ne5 37. Qe6 Nf3 38. Qxd5 Ng1+ 39. Rxg1 Qxg1 40. Qxb7 Qf1+ 41. Qg2 Qf5+ 42. g4 Qc5 43. Qe2 Qc6 44. Qg2 Rf3+ 45. Kh2 Qf6 46. Kg1 Qf4 47. Qe2 Qxg4+ 0-1

[Event "10th Iberoamericano-ch 2024"]
[Site "Linares"]
[Date "2024.09.27"]
[Round "5.35"]
[White "Rodriguez Redondo, Adhara"]
[Black "Jodorcovsky Werjivker, Paulo"]
[Result "1-0"]
[ECO "B29"]
[WhiteElo "2184"]
[BlackElo "2092"]
[Annotator "ChessBase"]
[PlyCount "59"]
[EventDate "2024.09.25"]
[EventType "swiss"]
[EventCountry "ESP"]
[SourceTitle "playchess.com"]
[Source "ChessBase"]
[SourceQuality "1"]
[TimeControl "5400+30"]

1. e4 c5 2. Nf3 Nf6 3. Nc3 Nc6 4. d4 d5 5. exd5 Nxd5 6. Nxd5 Qxd5 7. Be3 cxd4 8. Nxd4 a6 9. Be2 e5 10. Nxc6 Qxc6 11. O-O Be6 12. c4 Be7 13. b4 Bxb4 14. Rb1 Ba5 15. Qb3 Rb8 16. Ba7 Rc8 17. Qxb7 O-O 18. Qxc6 Rxc6 19. c5 f5 20. a4 Ra8 21. Bb6 Bc3 22. Rfd1 Rcc8 23. Rd6 Ba2 24. Rc1 Bd4 25. a5 Re8 26. c6 Be6 27. Bxd4 exd4 28. Rxe6 Rxe6 29. Bc4 Kf7 30. Re1 1-0

[Event "10th Iberoamericano-ch 2024"]
[Site "Linares"]
[Date "2024.09.27"]
[Round "5.36"]
[White "Ticona Rocabado, Licael Roderick"]
[Black "Li Chen, Helena Joana"]
[Result "1-0"]
[ECO "A04"]
[WhiteElo "2321"]
[BlackElo "2068"]
[Annotator "ChessBase"]
[PlyCount "73"]
[EventDate "2024.09.25"]
[EventType "swiss"]
[EventCountry "ESP"]
[SourceTitle "playchess.com"]
[Source "ChessBase"]
[SourceQuality "1"]
[TimeControl "5400+30"]

1. Nf3 f5 2. g3 Nf6 3. Bg2 g6 4. O-O Bg7 5. d3 d6 6. Nbd2 e5 7. c3 c6 8. e4 O-O 9. exf5 gxf5 10. Re1 Kh8 11. Nf1 Na6 12. Nh4 Nc7 13. Ne3 Nfd5 14. Nxd5 Nxd5 15. d4 Bf6 16. dxe5 dxe5 17. Nf3 Qc7 18. c4 Ne7 19. Bg5 Ng6 20. Bxf6+ Rxf6 21. Nxe5 Nxe5 22. Qd4 Be6 23. Rxe5 Kg7 24. Rae1 Qd7 25. Qf4 Raf8 26. Bf1 Rg6 27. Be2 Rgf6 28. Bh5 Kh8 29. b3 Qd6 30. Rd1 Qb8 31. Qd4 Kg7 32. Rde1 Qc8 33. Qxa7 Bf7 34. Bxf7 R6xf7 35. Qe3 Qd8 36. Re8 Qf6 37. Rxf8 1-0

[Event "10th Iberoamericano-ch 2024"]
[Site "Linares"]
[Date "2024.09.27"]
[Round "5.37"]
[White "Castillo Beitia, Ashley Alexandra"]
[Black "Ruiz Buendia, Miguel"]
[Result "0-1"]
[ECO "D00"]
[WhiteElo "2071"]
[BlackElo "2269"]
[Annotator "ChessBase"]
[PlyCount "72"]
[EventDate "2024.09.25"]
[EventType "swiss"]
[EventCountry "ESP"]
[SourceTitle "playchess.com"]
[Source "ChessBase"]
[SourceQuality "1"]
[TimeControl "5400+30"]

1. d4 d5 2. Bf4 Nf6 3. e3 c5 4. c3 Nc6 5. Nd2 Bf5 6. a4 Qb6 7. Ra2 e6 8. Ngf3 h6 9. h3 Be7 10. Be2 O-O 11. O-O Rfc8 12. Nb3 c4 13. Nbd2 a6 14. Ne5 Nxe5 15. a5 Qc6 16. dxe5 Nd7 17. Nf3 Bh7 18. Bg3 Nc5 19. Nd4 Qd7 20. Re1 Rab8 21. Qa1 b5 22. axb6 Rxb6 23. Bd1 Rcb8 24. Bc2 Bxc2 25. Nxc2 Nd3 26. Rb1 Qb7 27. Kh2 h5 28. f3 h4 29. Be1 Nxe5 30. Nb4 Bxb4 31. cxb4 Nd3 32. Bxh4 Nxb4 33. Ra5 Nc2 34. Qa4 Rxb2 35. Rxb2 Qxb2 36. Bf2 Nxe3 0-1

[Event "10th Iberoamericano-ch 2024"]
[Site "Linares"]
[Date "2024.09.27"]
[Round "5.38"]
[White "Garzon Zapatanga, Christopher Leonel"]
[Black "Mayorga Araya, Sofia"]
[Result "1-0"]
[ECO "B54"]
[WhiteElo "2216"]
[BlackElo "2059"]
[Annotator "ChessBase"]
[PlyCount "69"]
[EventDate "2024.09.25"]
[EventType "swiss"]
[EventCountry "ESP"]
[SourceTitle "playchess.com"]
[Source "ChessBase"]
[SourceQuality "1"]
[TimeControl "5400+30"]

1. e4 c5 2. Nf3 d6 3. d4 cxd4 4. Nxd4 Nf6 5. f3 e5 6. Nb3 d5 7. Bg5 d4 8. c3 Nc6 9. Bb5 Qb6 10. Bxc6+ bxc6 11. cxd4 Be7 12. Nc3 Ba6 13. dxe5 Ng4 14. fxg4 Bxg5 15. Qd4 c5 16. Qxc5 Qh6 17. Nd5 Be7 18. g3 Bd8 19. Qd6 Qxd6 20. exd6 O-O 21. Kf2 Bc4 22. Rhd1 Re8 23. Kf3 h5 24. gxh5 f5 25. exf5 Be2+ 26. Kf4 Bxd1 27. Rxd1 Rc8 28. d7 Rc4+ 29. Rd4 Rxd4+ 30. Nxd4 Rf8 31. Nc6 Rf7 32. Ne5 Rf8 33. Ke4 Kh7 34. Nf4 Kh6 35. Ne6 1-0